NWL (28 & UNDER)
SAN DIEGO SMASHERS @ CULVER CITY EXTRAS
06/24/2025
 
TOP OF THE 1ST
San Diego Smashers batting - Pitching for Culver City Extras : LHP Phil Paul
Pitching: LHP Phil Paul
Batting: RHB Gustavo Torres 0-0: Called Strike
0-1: Ball
1-1: Swinging Strike
1-2: Foul Ball, location: 2F
1-2: Ball
2-2: Ball
3-2: Strikes out looking
Batting: RHB Griswold Coleman 0-0: Called Strike
0-1: Ball
1-1: Ball
2-1: SINGLE (Flyball, 56D)
Batting: RHB Marty Hendrickson 0-0: Ball
1-0: Grounds into double play, U6-3 (Groundball, 6M)
Top of the 1st over - 0 run(s), 1 hit(s), 0 error(s), 0 left on base; San Diego 0 - Culver City 0
BOTTOM OF THE 1ST
Culver City Extras batting - Pitching for San Diego Smashers : RHP Mike Marrero
Pitching: RHP Mike Marrero
Batting: RHB Walton Smith 0-0: Ball
1-0: Foul Ball, location: 2F
1-1: Called Strike
1-2: Foul Ball, location: 2F
1-2: Ball
2-2: Ball
3-2: Strikes out swinging
Batting: LHB Edmund Ross 0-0: Called Strike
0-1: SOLO HOME RUN (Flyball, 89XD), Distance : 420 ft
Batting: LHB Tanyu Imai 0-0: Called Strike
0-1: Ball
1-1: Swinging Strike
1-2: Ball
2-2: Strikes out swinging
Batting: RHB Jesús Aquino 0-0: Called Strike
0-1: Called Strike
0-2: Ball
1-2: Strikes out swinging
Bottom of the 1st over - 1 run(s), 1 hit(s), 0 error(s), 0 left on base; San Diego 0 - Culver City 1
TOP OF THE 2ND
San Diego Smashers batting - Pitching for Culver City Extras : LHP Phil Paul
Batting: LHB Brent Alonzo 0-0: Ball
1-0: Ball
2-0: Swinging Strike
2-1: Ball
3-1: Foul Ball, location: 2F
3-2: Base on Balls
Batting: RHB Luis Martínez 0-0: Called Strike
Brent Alonzo is caught stealing 2nd base
0-1: Ball
1-1: Foul Ball, location: 2F
1-2: Ball
2-2: Ball
3-2: Base on Balls
Batting: RHB Jorge Collazo 0-0: SINGLE (Line Drive, 4D)
Luis Martínez to second
Batting: LHB Jaime Icaza 0-0: Ball
1-0: Called Strike
1-1: Ball
2-1: Foul Ball, location: 2F
2-2: Foul Ball, location: 2F
2-2: Strikes out looking
Batting: SHB Adrián Nieto 0-0: Called Strike
0-1: Ball
1-1: Reached on error, E4 (Groundball, 4)
Luis Martínez scores
Jorge Collazo to third
Batting: RHB John Bryant 0-0: Swinging Strike
0-1: Ball
1-1: Called Strike
1-2: Ball
2-2: Ball
3-2: Foul Ball, location: 2F
3-2: Strikes out swinging
Top of the 2nd over - 1 run(s), 1 hit(s), 1 error(s), 2 left on base; San Diego 1 - Culver City 1
BOTTOM OF THE 2ND
Culver City Extras batting - Pitching for San Diego Smashers : RHP Mike Marrero
Batting: RHB Quincy Vance 0-0: Called Strike
0-1: Called Strike
0-2: Ground out 6-3 (Groundball, 56)
Batting: RHB Jesús Gonzáles 0-0: Ball
1-0: Ball
2-0: Foul Ball, location: 2F
2-1: Ball
3-1: Base on Balls
Batting: RHB Lorne Witcher 0-0: Called Strike
0-1: Foul Ball, location: 2F
0-2: Ball
1-2: Foul Ball, location: 2F
1-2: Foul Ball, location: 2F
1-2: Grounds into double play, 4-6-3 (Groundball, 4)
Bottom of the 2nd over - 0 run(s), 0 hit(s), 0 error(s), 0 left on base; San Diego 1 - Culver City 1
TOP OF THE 3RD
San Diego Smashers batting - Pitching for Culver City Extras : LHP Phil Paul
Batting: RHB Gustavo Torres 0-0: Ball
1-0: Ball
2-0: Foul Ball, location: 2F
2-1: Ball
3-1: Called Strike
3-2: Base on Balls
Batting: RHB Griswold Coleman 0-0: Ball
1-0: Swinging Strike
1-1: Ball
2-1: Foul Ball, location: 2F
2-2: 2-RUN HOME RUN (Flyball, 7LD), Distance : 319 ft
Batting: RHB Marty Hendrickson 0-0: Ball
1-0: Ball
2-0: Ball
3-0: Base on Balls
Batting: LHB Brent Alonzo 0-0: Ball
1-0: Foul Ball, location: 2F
Pickoff Throw to First - Error! E1
Marty Hendrickson to second
1-1: Fly out, F8 (Line Drive, 8LM)
Batting: RHB Luis Martínez 0-0: Swinging Strike
0-1: Ball
1-1: Called Strike
1-2: Foul Ball, location: 2F
1-2: Foul Ball, location: 2F
1-2: Strikes out swinging
Batting: RHB Jorge Collazo 0-0: Foul Ball, location: 2F
0-1: Ball
1-1: Ball
2-1: Called Strike
2-2: Strikes out swinging
Top of the 3rd over - 2 run(s), 1 hit(s), 1 error(s), 1 left on base; San Diego 3 - Culver City 1
BOTTOM OF THE 3RD
Culver City Extras batting - Pitching for San Diego Smashers : RHP Mike Marrero
Batting: RHB Horace Johnson 0-0: Ball
1-0: Fly out, F9 (Flyball, 9LM)
Batting: RHB Carlos Rodríguez 0-0: Called Strike
0-1: SINGLE (Line Drive, 7LS)
Batting: RHB Walton Smith 0-0: Ball
1-0: Ball
2-0: Ball
3-0: Called Strike
3-1: Fly out, F8 (Flyball, 89M)
Batting: LHB Edmund Ross 0-0: Ball
1-0: Called Strike
1-1: Called Strike
Carlos Rodríguez is caught stealing 2nd base
Bottom of the 3rd over - 0 run(s), 1 hit(s), 0 error(s), 0 left on base; San Diego 3 - Culver City 1
TOP OF THE 4TH
San Diego Smashers batting - Pitching for Culver City Extras : LHP Phil Paul
Batting: LHB Jaime Icaza 0-0: Foul Ball, location: 2F
0-1: Called Strike
0-2: Ball
1-2: Ball
2-2: Strikes out swinging
Batting: SHB Adrián Nieto 0-0: Ball
1-0: Ball
2-0: Ball
3-0: Base on Balls
Batting: RHB John Bryant 0-0: Called Strike
0-1: Grounds into double play, 5-4-3 (Groundball, 5)
Top of the 4th over - 0 run(s), 0 hit(s), 0 error(s), 0 left on base; San Diego 3 - Culver City 1
BOTTOM OF THE 4TH
Culver City Extras batting - Pitching for San Diego Smashers : RHP Mike Marrero
Batting: LHB Edmund Ross 0-0: Foul Ball, location: 2F
0-1: SINGLE (Groundball, 56D)
Batting: LHB Tanyu Imai 0-0: Ball
1-0: Ball
2-0: Fielders Choice at 2nd, U4 (Groundball, 4)
Batting: RHB Jesús Aquino 0-0: Called Strike
0-1: Ball
1-1: Ball
2-1: Foul Ball, location: 2F
2-2: Strikes out swinging
Batting: RHB Quincy Vance 0-0: Ball
1-0: Ball
2-0: Ball
3-0: Called Strike
3-1: Base on Balls
Tanyu Imai to second
Pitching: LHP Jerry Green
Batting: RHB Jesús Gonzáles 0-0: Called Strike
0-1: Ball
1-1: Foul Ball, location: 2F
1-2: Ball
2-2: Ground out U3 (Groundball, 3S)
Bottom of the 4th over - 0 run(s), 1 hit(s), 0 error(s), 2 left on base; San Diego 3 - Culver City 1
TOP OF THE 5TH
San Diego Smashers batting - Pitching for Culver City Extras : LHP Phil Paul
Batting: RHB Gustavo Torres 0-0: Ball
1-0: Called Strike
1-1: Ground out 6-3 (Groundball, 6)
Batting: RHB Griswold Coleman 0-0: Ball
1-0: Ball
2-0: Ball
3-0: Base on Balls
Batting: RHB Marty Hendrickson 0-0: Ball
1-0: Ball
2-0: Ball
3-0: Called Strike
3-1: Foul Ball, location: 2F
3-2: Foul Ball, location: 2F
3-2: DOUBLE (Line Drive, 9D)
Griswold Coleman to third
Pitching: RHP Allen Bannatyne
Batting: LHB Brent Alonzo 0-0: Called Strike
0-1: Foul Ball, location: 2F
0-2: Ball
1-2: Ball
2-2: Ball
3-2: Foul Ball, location: 2F
3-2: DOUBLE (Line Drive, 78S)
Griswold Coleman scores
Marty Hendrickson scores
Batting: RHB Luis Martínez 0-0: Ball
1-0: Called Strike
1-1: Reached on error, E6 (Groundball, 56)
Brent Alonzo to third
Batting: RHB Jorge Collazo 0-0: Ball
1-0: Called Strike
1-1: Swinging Strike
1-2: Strikes out swinging
Batting: LHB Jaime Icaza 0-0: Fielders Choice at 2nd, U4 (Groundball, 4M)
Top of the 5th over - 2 run(s), 2 hit(s), 1 error(s), 2 left on base; San Diego 5 - Culver City 1
BOTTOM OF THE 5TH
Culver City Extras batting - Pitching for San Diego Smashers : LHP Jerry Green
Batting: RHB Lorne Witcher 0-0: Called Strike
0-1: Ground out 5-3 (Groundball, 56)
Batting: RHB Horace Johnson 0-0: Bunt for hit - play at first, batter safe!
Batting: RHB Carlos Rodríguez 0-0: Ground out 5-3 (Groundball, 5S)
Horace Johnson to second
Batting: RHB Walton Smith 0-0: Ball
1-0: Called Strike
1-1: Swinging Strike
1-2: Ball
2-2: Strikes out swinging
Bottom of the 5th over - 0 run(s), 1 hit(s), 0 error(s), 1 left on base; San Diego 5 - Culver City 1
TOP OF THE 6TH
San Diego Smashers batting - Pitching for Culver City Extras : RHP Allen Bannatyne
Batting: SHB Adrián Nieto 0-0: Ball
1-0: Ball
2-0: Ball
3-0: Called Strike
3-1: Swinging Strike
3-2: Base on Balls
Batting: RHB John Bryant 0-0: Ball
1-0: Ball
2-0: Ball
3-0: Called Strike
3-1: Called Strike
3-2: Fly out, F7 (Flyball, 7M)
3-2: Fly out, F7 (Flyball, 7M)
Batting: RHB Gustavo Torres 0-0: Ball
1-0: Called Strike
1-1: Ball
2-1: Foul Ball, location: 2F
2-2: Strikes out looking
Batting: RHB Griswold Coleman 0-0: Ball
Adrián Nieto steals 2nd base
1-0: Called Strike
1-1: Foul Ball, location: 2F
1-2: Ball
2-2: Strikes out looking
Top of the 6th over - 0 run(s), 0 hit(s), 0 error(s), 1 left on base; San Diego 5 - Culver City 1
BOTTOM OF THE 6TH
Culver City Extras batting - Pitching for San Diego Smashers : LHP Jerry Green
Batting: LHB Edmund Ross 0-0: Ball
1-0: Called Strike
1-1: Ball
2-1: Swinging Strike
2-2: Ball
3-2: Foul Ball, location: 2F
3-2: Foul Ball, location: 2F
3-2: Strikes out looking
Batting: LHB Tanyu Imai 0-0: Ball
1-0: Called Strike
1-1: Ball
2-1: Ball
3-1: Swinging Strike
3-2: SINGLE (Line Drive, 89S)
Batting: RHB Jesús Aquino 0-0: Ball
1-0: Foul Ball, location: 2F
1-1: Ball
2-1: Ball
3-1: Fly out, F8 (Flyball, 8LD)
Batting: RHB Quincy Vance 0-0: Called Strike
0-1: Ball
1-1: Ball
2-1: Ground out 5-3 (Groundball, 5L)
Bottom of the 6th over - 0 run(s), 1 hit(s), 0 error(s), 1 left on base; San Diego 5 - Culver City 1
TOP OF THE 7TH
San Diego Smashers batting - Pitching for Culver City Extras : RHP Allen Bannatyne
Batting: RHB Marty Hendrickson 0-0: Fly out, F4 (Popup, 3F)
Pitching: RHP Ryan Balloun
Batting: LHB Brent Alonzo 0-0: Called Strike
0-1: Ball
1-1: Ball
2-1: Ball
3-1: Reached on Error, E7 (Flyball, 7S)
Batting: RHB Luis Martínez 0-0: Called Strike
Brent Alonzo steals 2nd base
0-1: Fly out, F8 (Flyball, 8LXD)
Runner from 2nd tags up, SAFE at 3rd, no throw
Batting: RHB Jorge Collazo 0-0: Called Strike
0-1: Fly out, F8 (Flyball, 8RXD)
Top of the 7th over - 0 run(s), 0 hit(s), 1 error(s), 1 left on base; San Diego 5 - Culver City 1
BOTTOM OF THE 7TH
Culver City Extras batting - Pitching for San Diego Smashers : LHP Jerry Green
Pitching: LHP Raymond Ritchie
Batting: RHB Jesús Gonzáles 0-0: Swinging Strike
0-1: Ball
1-1: Foul Ball, location: 2F
1-2: Ground out 4-3 (Groundball, 4)
Batting: RHB Lorne Witcher 0-0: Ball
1-0: Hit by Pitch
Batting: RHB Horace Johnson 0-0: Ball
1-0: Called Strike
1-1: Ground out 3-1 (Groundball, 34)
Lorne Witcher to second
Batting: RHB Carlos Rodríguez 0-0: Ball
1-0: Swinging Strike
1-1: Swinging Strike
1-2: Foul Ball, location: 2F
1-2: Strikes out swinging
Bottom of the 7th over - 0 run(s), 0 hit(s), 0 error(s), 1 left on base; San Diego 5 - Culver City 1
TOP OF THE 8TH
San Diego Smashers batting - Pitching for Culver City Extras : RHP Ryan Balloun
Batting: LHB Jaime Icaza 0-0: Foul Ball, location: 2F
0-1: Swinging Strike
0-2: Ball
1-2: Ball
2-2: Strikes out looking
Batting: SHB Adrián Nieto 0-0: Ball
1-0: Swinging Strike
1-1: Ground out 3-1 (Groundball, 34)
Batting: RHB John Bryant 0-0: Ball
1-0: DOUBLE (Line Drive, 7LM)
Batting: RHB Gustavo Torres 0-0: Ball
1-0: Ball
2-0: Called Strike
2-1: Called Strike
2-2: Ground out 1-3 (Groundball, 25)
Top of the 8th over - 0 run(s), 1 hit(s), 0 error(s), 1 left on base; San Diego 5 - Culver City 1
BOTTOM OF THE 8TH
Culver City Extras batting - Pitching for San Diego Smashers : LHP Raymond Ritchie
Batting: RHB Walton Smith 0-0: Ball
1-0: Called Strike
1-1: Foul Ball, location: 2F
1-2: Foul Ball, location: 2F
1-2: Ball
2-2: Ball
3-2: Base on Balls
Batting: LHB Edmund Ross 0-0: Ball
1-0: Called Strike
1-1: Ball
2-1: Swinging Strike
2-2: Ball
3-2: Fly out, F8 (Flyball, 8LM)
Batting: LHB Tanyu Imai 0-0: Called Strike
0-1: Ball
1-1: Called Strike
1-2: Strikes out swinging
Batting: RHB Jesús Aquino 0-0: Called Strike
0-1: Ball
1-1: Called Strike
1-2: Foul Ball, location: 2F
1-2: Foul Ball, location: 2F
1-2: Foul Ball, location: 2F
1-2: Ball
2-2: Ball
3-2: Fly out, F8 (Flyball, 8RD)
Bottom of the 8th over - 0 run(s), 0 hit(s), 0 error(s), 1 left on base; San Diego 5 - Culver City 1
TOP OF THE 9TH
San Diego Smashers batting - Pitching for Culver City Extras : RHP Ryan Balloun
Batting: RHB Griswold Coleman 0-0: Ball
1-0: Ball
2-0: Foul Ball, location: 2F
2-1: Foul Ball, location: 2F
2-2: Foul Ball, location: 2F
2-2: Foul Ball, location: 2F
2-2: Ball
3-2: Fly out, F2 (Popup, 15S)
Batting: RHB Marty Hendrickson 0-0: Fly out, F4 (Popup, 34)
Batting: LHB Brent Alonzo 0-0: Ground out 5-3 (Groundball, 56)
Top of the 9th over - 0 run(s), 0 hit(s), 0 error(s), 0 left on base; San Diego 5 - Culver City 1
BOTTOM OF THE 9TH
Culver City Extras batting - Pitching for San Diego Smashers : LHP Raymond Ritchie
Batting: RHB Quincy Vance 0-0: Ground out 5-3 (Groundball, 15S)
Batting: RHB Jesús Gonzáles 0-0: Reached on error, E3 (Groundball, 3S)
Batting: RHB Lorne Witcher 0-0: Called Strike
0-1: Foul Ball, location: 2F
0-2: Strikes out looking
Batting: RHB Horace Johnson 0-0: Ball
1-0: Called Strike
1-1: Ground out U3 (Groundball, 3)
Bottom of the 9th over - 0 run(s), 0 hit(s), 1 error(s), 1 left on base; San Diego 5 - Culver City 1
This league is powered by Out of the Park Baseball, the baseball management simulation game for PC, Mac and Linux
Tuesday, August 2nd, 2016 - OOTP Baseball 16.8 Build 38